 Dungeon Crawl Stone Soup version 0.29.1-15-g9cfb28693d (webtiles) character file.

Game seed: 2880473796726793895

0 croobank the Sneak (level 1, 0/16 HPs)
             Began as an Octopode Delver on Mar 6, 2023.
             Slain by a centaur (1 damage)
             ... on level 5 of the Dungeon.
             The game lasted 00:01:01 (183 turns).

croobank the Sneak (Octopode Delver)                 Turns: 183, Time: 00:01:01

Health: 0/16       AC:  1    Str: 11    XL:     1   Next: 0%
Magic:  1/1        EV: 13    Int: 12    God:
Gold:   9          SH:  0    Dex: 13    Spells: 0/0 levels left

rFire   . . .      SeeInvis .   a - +0 hand axe
rCold   . . .      Faith    .   (no shield)
rNeg    . . .      Spirit   .   (helmet restricted)
rPois   .          Reflect  .   (no amulet)
rElec   .          Harm     .   (no ring)
rCorr   .          Rampage  .   (no ring)
Will    .....                   (no ring)
Stlth   ++++......              (no ring)
HPRegen 0.05/turn               (no ring)
MPRegen 0.07/turn               (no ring)
                                (no ring)
                                (no ring)

@: no status effects
A: almost no armour, amphibious, 8 rings, camouflage 1, gelatinous body 1,
(nimble swimmer 1), tentacles
a: no special abilities


You were on level 5 of the Dungeon.
You visited 1 branch of the dungeon, and saw 3 of its levels.

You collected 9 gold pieces.

Inventory:

Hand Weapons
 a - a +0 hand axe (weapon)
Missiles
 i - 6 boomerangs (quivered)
Wands
 f - a wand of digging (3)
Scrolls
 b - a scroll of fog
 c - a scroll of magic mapping
 d - a scroll of fear
 h - 3 scrolls of teleportation {unknown}
Potions
 e - a potion of haste
 g - a potion of curing {unknown}


   Skills:
 + Level 3.0 Fighting
 + Level 2.0 Axes
 + Level 2.0 Dodging
 + Level 6.6 Stealth


You couldn't memorise any spells.
You didn't know any spells.
Your spell library contained the following spells:

 Spells                   Type           Power      Damage    Failure   Level
 Sublimation of Blood     Necr           0%         N/A       45%         2
 Petrify                  Tmut/Erth      0%         N/A       97%         4
 Irradiate                Conj/Tmut      0%         3d11      100%        5


Dungeon Overview and Level Annotations

Branches:
Dungeon (7/15)
 Temple: D:4-7

Altars:
Xom
Yredelemnul

Annotations:
D:7 Menkaure


Innate Abilities, Weirdness & Mutations

You cannot wear most types of armour.
You are amphibious.
You can wear up to eight rings at the same time.
Your skin changes colour to match your surroundings (Stealth+).
Your rubbery body absorbs attacks. (AC +1, EV +1)
((You are camouflaged when in or above water. (Stealth+)))
You have tentacles for arms and can constrict up to eight enemies at once.


Message History

There is a stone staircase leading up here.
You now have 9 gold pieces.
Found 7 stones.
Menkaure, Prince of Dust comes into view.
Found 13 gold pieces.
A necrophage comes into view.
There is a stone staircase leading up here.
You climb upwards.
There is a stone staircase leading down here.
A gnoll comes into view. It is wielding a +0 flail.
A gnoll comes into view. It is wielding a +0 club.
Found a basalt altar of Yredelemnul.
Really wriggle into that teleport trap?
You enter a teleport trap!
The teleport trap disappears.
Your surroundings suddenly seem different.
Found a stone staircase leading up.
There is a stone staircase leading up here.
You climb upwards.
There is a stone staircase leading down here.
A centaur comes into view.
Found 10 gold pieces.
The centaur shouts!
A white imp comes into view.
A scorpion comes into view.
You start waiting.
The centaur wields a +0 shortbow.
The centaur shoots an arrow.
The arrow hits you!
You hear an angry hiss.
An iguana comes into view.
The centaur unwields a +0 shortbow.
The centaur misses you.
The centaur kicks you but does no damage.
You hit the centaur but do no damage. The centaur hits you.
* * * LOW HITPOINT WARNING * * *
The centaur kicks you.
* * * LOW HITPOINT WARNING * * *
You hit the centaur. You squeeze the centaur.
The centaur is moderately wounded.
The centaur misses you.
The centaur kicks you but does no damage.
The centaur barely misses you. The centaur kicks you.
You die...

~.~P~~ ..# ~
≈~~~P P.# ~~
≈≈~~ ..# ~~~
~~~ P.# ~.~l
~~ ..#
P..P.#P#..#
#.$5c.#.#
#@#.# #...#
##.## #.#
###.#
...######
##...#
.......>#
#..###
....###.#
#.## .
###.######.#


You could see a centaur, an iguana and a white imp.

Vanquished Creatures (others)
  3 plants (D:5)
3 creatures vanquished.

Notes
Turn   | Place    | Note
-------+----------+-------------------------------------------
     0 | D:5      | croobank the Octopode Delver began the quest for the Orb.
     0 | D:5      | Reached XP level 1. HP: 16/16 MP: 1/1
    13 | D:5      | Noticed a scorpion
    46 | D:6      | Noticed a black bear
    54 | D:6      | Noticed a hound
    66 | D:7      | Found a shimmering altar of Xom.
    75 | D:7      | Noticed Menkaure
   108 | D:7      | Noticed a necrophage
   151 | D:6      | Found a basalt altar of Yredelemnul.
   176 | D:5      | Noticed a centaur
   177 | D:5      | Noticed a scorpion
   181 | D:5      | Noticed an iguana
   183 | D:5      | Slain by a centaur

Illustrated notes

Levels and vault maps discovered:
D:5:      dreamdust_elfheim, layout_basic, ashenzari_conservatory_becter,
          gammafunk_ghost_arena, serial_bayou, serial_bayou_pond_b,
          serial_bayou_pond_b, serial_bayou_lake_a, serial_bayou_lagoon_b,
          serial_bayou_pond_d, serial_bayou_pond_d
D:6:      minmay_spotlight, layout_basic, lemuel_tele_altar
D:7:      lemuel_slime, layout_layer_cave, mainiacjoe_overflow_brackets,
          mainiacjoe_overflow_boulevard, uniq_menkaure

Action                   || total
-------------------------++-------
Melee: Hand axe          ||     2
       Tentacles         ||     1
Armor: Skin              ||     2
Dodge: Dodged            ||     3
